 Dungeon Crawl Stone Soup version 0.28.0-62-gf88900778d (webtiles) character file.

Game seed: 16641154034841139743

158 cbfl8 the Poker (level 5, 0/39 HPs)
             Began as a Merfolk Gladiator on July 4, 2023.
             Succumbed to an adder's poison
             ... on level 3 of the Dungeon.
             The game lasted 00:03:09 (2701 turns).

cbfl8 the Poker (Merfolk Gladiator)                 Turns: 2701, Time: 00:03:10

Health: 0/39       AC:  4    Str: 14    XL:     5   Next: 39%
Magic:  5/5        EV: 14    Int:  7    God:
Gold:   65         SH:  0    Dex: 18    Spells: 4/4 levels left

rFire   . . .      SeeInvis .   a - +1 trident
rCold   + . .      Faith    .   (no shield)
rNeg    + . .      Spirit   .   b - +0 leather armour
rPois   .          Reflect  .   (helmet restricted)
rElec   .          Harm     .   (no cloak)
rCorr   .          Rampage  .   (no gloves)
Will    .....                   i - +0 pair of boots
Stlth   +.........              (no amulet)
HPRegen 0.13/turn               g - ring of positive energy
MPRegen 0.09/turn               (no ring)

@: brilliant, lethally poisoned (0 -> -1), silenced
A: (nimble swimmer 2), mertail, antennae 1, cold resistance 1, high MP 1, sense
surroundings 1
a: no special abilities


You were on level 3 of the Dungeon.
You visited 1 branch of the dungeon, and saw 3 of its levels.

You collected 65 gold pieces.

Inventory:

Hand Weapons
 a - a +1 trident (weapon)
Missiles
 d - 3 throwing nets
Armour
 b - a +0 leather armour (worn)
 i - a +0 pair of boots (worn)
Jewellery
 g - a ring of positive energy (left hand)
Wands
 l - a wand of polymorph (12) (quivered)
Scrolls
 e - a scroll of enchant weapon
 f - a scroll of identify {unknown}
 h - a scroll of magic mapping {unknown}
 k - a scroll of noise {unknown}
Potions
 j - a potion of brilliance


   Skills:
 + Level 2.7 Fighting
 + Level 6.0 Polearms
 + Level 2.0 Throwing
 + Level 1.4 Armour
 + Level 4.5 Dodging
 + Level 1.2 Stealth
 * Level 1.9 Evocations


You had 4 spell levels left.
You didn't know any spells.
Your spell library was empty.

Dungeon Overview and Level Annotations

Branches:
Dungeon (3/15)

Altars:
Xom


Innate Abilities, Weirdness & Mutations

((You are very nimble when in or above water. (Stealth+, EV+, Speed+++)))
Your lower body shifts to a powerful aquatic tail in water.
You have a pair of small antennae on your head.
Your flesh is cold resistant. (rC+)
You have an increased reservoir of magic. (+10% MP)
You passively map a small area around you.


Message History

The goblin closely misses you.
It was a potion of brilliance.
You feel clever all of a sudden.
You feel sick. The bat completely misses you. The adder bites you.
You are more poisoned.
The adder poisons you! The goblin hits you with a +0 club.
The adder misses you.
Aiming: Polymorph
Press: ? - help, Q - select action, (/) - cycle Shift-Dir - straight line, f - adder
Aim: an adder (will become a killer bee, a ball python, or a river rat, chance to affect: 62%)
The adder resists with significant effort.
* * * LOW HITPOINT WARNING * * *
You feel very sick. The goblin closely misses you.
The adder bites you but does no damage. The bat hits you but does no damage.
* * * LOW HITPOINT WARNING * * *
You feel sick. The bat misses you.
There is an open door here.
* * * LOW HITPOINT WARNING * * *
You feel sick. The adder barely misses you.
* * * LOW HITPOINT WARNING * * *
You feel sick.
* * * LOW HITPOINT WARNING * * *
You feel sick.
As you read the scroll labelled GOMAUL UHIS, it crumbles to dust.
It is a scroll of enchant weapon.
Your +0 trident glows red for a moment.
* * * LOW HITPOINT WARNING * * *
You feel sick. The adder bites you.
* * * LOW HITPOINT WARNING * * *
The adder completely misses you.
Okay, then.
As you read the scroll labelled PAJUSU RAHY, it crumbles to dust.
A profound silence engulfs you.
It was a scroll of silence.
* * * LOW HITPOINT WARNING * * *
You feel sick. The adder bites you but does no damage.
Magic scrolls do not work when you're silenced!
* * * LOW HITPOINT WARNING * * *
You feel sick.
You die...

,#......# #†.##........#
#.#.... ,#......#
*#..##........###.####.
.........
...##.........##......
.....##.#
###.##..........##...##
..... #..
#.#######.....#..#.# , ,..,
#g.b..###.##.....#.# ,
###.#.##'##S###.........#.#
........g.#.###..#####..#.##
*
###.......#@#....#<.....#...
*,
..........#.#.#.#######.###.
..........#...#... #.#...
*..../.....#)#.#.#.# #.#.#.
, .......#+##.#.###.# #.#...
....... #.#.....# *.#### , *
#####.. #.####### .# , , ...
, * , *### ,, ,*


You could see an adder and a bat.

Vanquished Creatures
  Jessica (D:2)
  4 gnolls
  5 adders
  A worm (D:2)
  5 endoplasms
  5 giant cockroaches
  4 goblins
  2 hobgoblins (D:2)
  A kobold (D:3)
  2 quokkas (D:1)
  3 ball pythons
  5 bats
  11 frilled lizards (D:1)
  4 rats
53 creatures vanquished.

Vanquished Creatures (others)
  6 plants (D:1)
6 creatures vanquished.

Grand Total: 59 creatures vanquished

Notes
Turn   | Place    | Note
-------+----------+-------------------------------------------
     0 | D:1      | cbfl8 the Merfolk Gladiator began the quest for the Orb.
     0 | D:1      | Reached XP level 1. HP: 16/16 MP: 1/1
   318 | D:1      | Reached XP level 2. HP: 23/23 MP: 2/2
   947 | D:2      | Found a shimmering altar of Xom.
   966 | D:2      | Reached skill level 1 in Evocations
   970 | D:2      | Reached XP level 3. HP: 23/28 MP: 3/3
  1036 | D:2      | Noticed Jessica
  1045 | D:2      | Killed Jessica
  1046 | D:2      | Reached skill level 5 in Polearms
  1186 | D:2      | Found a faded altar of an unknown god.
  1204 | D:2      | Reached XP level 4. HP: 31/34 MP: 4/4
  1448 | D:2      | Reached skill level 1 in Armour
  1456 | D:2      | Reached skill level 1 in Stealth
  2031 | D:2      | Reached XP level 5. HP: 39/39 MP: 5/5
  2059 | D:2      | Gained mutation: You have an increased reservoir of magic.
                  | (+10% MP) [potion of mutation]
  2059 | D:2      | Gained mutation: Your flesh is cold resistant. (rC+)
                  | [potion of mutation]
  2059 | D:2      | Gained mutation: You have a pair of small antennae on your
                  | head. [potion of mutation]
  2059 | D:2      | Gained mutation: You passively map a small area around you.
                  | [potion of mutation]
  2639 | D:3      | Reached skill level 6 in Polearms
  2700 | D:3      | HP: 1/39 [poisoned by an adder]
  2701 | D:3      | Succumbed to an adder's poison

Illustrated notes

Levels and vault maps discovered:
D:1:      lemuel_arrival_muddy, layout_basic, chequers_serial_rivers_small_b,
          minmay_lizard_king
D:2:      layout_basic, ebering_ecumenical_altar_rust, basic_altar,
          minmay_tromino_v4_a, uniq_jessica
D:3:      layout_basic, chequers_temple_overflow_statue_of_worship

Skill      XL: |  1  2  3  4  5 |
---------------+----------------+-----
Evocations     | 1 |  1.9
Polearms       | 5 6 |  6.0
Armour         | 1 |  1.4
Stealth        | 1 |  1.2
Fighting       | |  2.7
Throwing       | |  2.0
Dodging        | |  4.5

Action                   |  1- 3 |  4- 6 || total
-------------------------+-------+-------++-------
Melee: Trident           |    88 |   104 ||   192
       Punch             |     1 |     3 ||     4
Evoke: Wand              |       |     1 ||     1
  Use: Potion            |       |     3 ||     3
       Scroll            |       |     2 ||     2
 Stab: Sleeping          |     3 |     2 ||     5
       Distracted        |       |     1 ||     1
Armor: Leather armour    |    14 |    30 ||    44
Dodge: Dodged            |    50 |    87 ||   137
